 Dungeon Crawl Stone Soup version 0.26-a0-660-gc07710193c (webtiles) character file.

Game seed: 17622963426882792609

112 robertstho the Magician (level 4, -2/24 HPs)
             Began as a Deep Elf Fire Elementalist on Oct 6, 2020.
             Was a Follower of Sif Muna.
             Slain by an ogre
             ... wielding a +0 giant spiked club
              (26 damage)
             ... on level 4 of the Dungeon.
             The game lasted 00:06:05 (2738 turns).

robertstho the Magician (DEFE)                      Turns: 2738, Time: 00:06:06

Health: -2/24      AC:  3    Str:  5    XL:     4   Next: 63%
Magic:  7/12       EV: 13    Int: 21    God:    Sif Muna [*.....]
Gold:   127        SH:  0    Dex: 15    Spells: 4/12 levels left

rFire    . . .     SeeInvis .   r - +2 dagger (flame)
rCold    . . .     Faith    .   (no shield)
rNeg     . . .     Spirit   .   a - +0 robe
rPois    .         Reflect  .   e - +0 helmet
rElec    .         Harm     .   (no cloak)
rCorr    .         Rampage  .   (no gloves)
MR       .....                  (no boots)
Stlth    ++........             (no amulet)
HPRegen  0.08/turn              (no ring)
MPRegen  0.13/turn              (no ring)

@: lightly drained
A: no striking features
a: Channel Magic, Renounce Religion


You were on level 4 of the Dungeon.
You worshipped Sif Muna.
Sif Muna was aware of your devotion.
You visited 1 branch of the dungeon, and saw 4 of its levels.

You collected 127 gold pieces.

Inventory:

Hand Weapons
 b - a +0 dagger
 n - a +0 dagger of holy wrath
 r - a +2 dagger of flaming (weapon)
Missiles
 j - 2 javelins (quivered)
Armour
 a - a +0 robe (worn)
 e - a +0 helmet (worn)
Jewellery
 g - a +6 ring of intelligence {unknown}
Scrolls
 c - a scroll of fear {unknown}
 f - a scroll of random uselessness {unknown}
 i - a scroll of fog {unknown}
 k - a scroll of magic mapping {unknown}
 l - 3 scrolls of identify {unknown}
 m - 2 scrolls of remove curse {unknown}
 o - a scroll of teleportation {unknown}
Potions
 d - 2 potions of heal wounds
 h - a potion of flight


   Skills:
 + Level 2.8(2.7) Dodging
 + Level 2.8(2.7) Stealth
 * Level 4.6 Spellcasting
 * Level 2.1 Conjurations
 * Level 4.2(4.1) Fire Magic
 * Level 0.7(0.6) Invocations


You had 4 spell levels left.
You knew the following spells:

 Your Spells              Type           Power        Failure   Level
a - Foxfire               Conj/Fire      ###.         3%          1
b - Conjure Flame         Conj/Fire      ###.....     10%         3
c - Sticky Flame          Conj/Fire      ###.....     30%         4

Your spell library contained the following spells:

 Spells                   Type           Power        Failure   Level
 Inner Flame              Hex/Fire       ##......     14%         3
 Fireball                 Conj/Fire      ###.......   65%         5


Dungeon Overview and Level Annotations

Branches:
Dungeon (4/15)
 Temple: D:4-7

Altars:
Sif Muna
Trog
Xom


Message History

Your +0 dagger of holy wrath stops glowing.
Your +2 dagger of flaming bursts into flame!
r - a +2 dagger of flaming (weapon)
The foxfire hits the ogre.
The ogre is heavily wounded.
Casting: Foxfire (safe; 3% risk of failure)
Confirm with . or Enter, or press ? or * to list all spells.
You conjure some foxfire!
The foxfire hits the ogre.
The ogre is heavily wounded.
You hit the ogre. You burn the ogre.
The ogre is severely wounded.
The foxfire hits the ogre.
The ogre is almost dead.
The ogre closely misses you.
Casting: Foxfire (safe; 3% risk of failure)
Confirm with . or Enter, or press ? or * to list all spells.
You conjure some foxfire!
The ogre hits you with a +0 giant spiked club!!
Ouch! That really hurt!
You die...

#.......##
#........#
.##........#
...........####
###....†...#..#
..†......#....#
.<.....#.#v§.##
..##..##.....#####
...............v@#
#########.######O#
#.# ..# #.# ##.#
#. #.# #.. #.. #..


You could see an ogre.

Vanquished Creatures
  A worker ant (D:4)
  An ooze (D:3)
  3 worms
  A dart slug (D:1)
  2 leopard geckos
  7 orcs (D:3)
  A ball python (D:3)
  4 giant cockroaches
  4 hobgoblins
  8 jackals
  A quokka (D:2)
  2 bats
  4 frilled lizards
  7 goblins
  8 kobolds
  7 rats
61 creatures vanquished.

Vanquished Creatures (others)
  199 foxfires
199 creatures vanquished.

Grand Total: 260 creatures vanquished

Notes
Turn   | Place    | Note
-------+----------+-------------------------------------------
     0 | D:1      | robertstho the Deep Elf Fire Elementalist began the quest
                  | for the Orb.
     0 | D:1      | Reached XP level 1. HP: 10/10 MP: 6/6
   533 | D:1      | Reached XP level 2. HP: 15/15 MP: 4/8
  1211 | D:2      | Reached XP level 3. HP: 19/19 MP: 8/10
  1744 | D:2      | Found a shimmering blue altar of Sif Muna.
  1747 | D:2      | Became a worshipper of Sif Muna the Loreminder
  2084 | D:3      | Reached * piety under Sif Muna
  2128 | D:3      | Reached XP level 4. HP: 10/24 MP: 10/12
  2400 | D:3      | Found a bloodstained altar of Trog.
  2408 | D:3      | Found a shimmering altar of Xom.
  2451 | D:3      | Paralysed by a crimson imp for 5 turns
  2716 | D:4      | Learned a level 3 spell: Conjure Flame
  2721 | D:4      | Learned a level 4 spell: Sticky Flame
  2728 | D:4      | Noticed an ogre
  2738 | D:4      | Slain by an ogre

Illustrated notes

Levels and vault maps discovered:
D:1:      denvon_arrival_waterhouse, layout_basic
D:2:      layout_loops_ring, lemuel_blue_sif_altar,
          ebering_dispersal_statue_hall
D:3:      layout_rooms, led_xom_imps,
          chequers_temple_overflow_statue_of_worship,
          chequers_ecumenical_altar_simple_redux, trog_wizard
D:4:      layout_cave_pools, roderic_lattice_a, skrybe_limestone_x, uniq_duvessa

Skill      XL: |  1  2  3  4 |
---------------+-------------+-----
Fire Magic     | 4 |  4.2
Spellcasting   | 4 |  4.6
Conjurations   | 2 |  2.1
Dodging        | |  2.8
Stealth        | |  2.8
Invocations    | |  0.7

Action                   |  1- 3 |  4- 6 || total
-------------------------+-------+-------++-------
Melee: Dagger            |     6 |    28 ||    34
 Cast: Foxfire           |    86 |    39 ||   125
Invok: Channel Magic     |     1 |     1 ||     2
  Use: Potion            |       |     5 ||     5
Armor: Robe              |     4 |     5 ||     9
Dodge: Dodged            |    12 |    26 ||    38

Table legend: (Time is in decaauts)
 A = Elapsed time spent in this place.
 B = Non-inter-level travel time spent in this place.
 C = Inter-level travel time spent in this place.
 D = Time resting spent in this place.
 E = Time spent auto-exploring this place.
 F = Levels seen in this place.
 G = Mean time per level.
                   A        B        C        D        E       F      G
               +--------+--------+--------+--------+--------+-----+--------+
         Total |   2713 |   2646 |     67 |    336 |   1861 |   4 |  678.2 |
       Dungeon |   2713 |   2646 |     67 |    336 |   1861 |   4 |  678.2 |
               +--------+--------+--------+--------+--------+-----+--------+

Top non-repeatable levels by time:
     D:1: 976 daAuts
     D:2: 805 daAuts
     D:3: 699 daAuts
     D:4: 232 daAuts
